 Dungeon Crawl Stone Soup version 0.30-a0-715-gdb4ae3ece1 (webtiles) character file.

Game seed: 12010784990918353729

42861 Zenkrye the Protected (level 13, -11/123 HPs)
             Began as an Armataur Fighter on Jan 23, 2023.
             Was the Champion of Cheibriados.
             Mangled by an ogre
             ... wielding a +0 giant spiked club
              (15 damage)
             ... on level 1 of the Orcish Mines on Jan 24, 2023.
             The game lasted 00:48:12 (14929 turns).

Zenkrye the Protected (Armataur Fighter)           Turns: 14929, Time: 00:48:13

Health: -11/123    AC: 32    Str: 42    XL:     13   Next: 87%
Magic:  15/15      EV:  5    Int: 27    God:    Cheibriados [******]
Gold:   1258       SH:  8    Dex: 27    Spells: 7/12 levels left

rFire   . . .      SeeInvis .    I - +2 flail (heavy)
rCold   + . .      Faith    .    c - +0 buckler
rNeg    . . .      Spirit   .    b - +0 plate armour {rC+}
rPois   .          Reflect  .    v - +2 hat {Stlth+}
rElec   .          Harm     .    t - +0 cloak
rCorr   .          Roll     +    B - +2 pair of gloves
Will    .....                    Q - +0 barding Stlth
                                 P - amulet of regeneration
HPRegen 1.20/turn                e - +6 ring of strength
MPRegen 0.14/turn                p - +4 ring of protection

@: very slow
A: large, rugged brown scales 3, deformed body, armoured tail, roll, long
tongue, awkward tongue
a: Renounce Religion, Bend Time, Temporal Distortion, Slouch, Step From Time


You were on level 1 of the Orcish Mines.
You worshipped Cheibriados.
Cheibriados was exalted by your worship.
You visited 3 branches of the dungeon, and saw 18 of its levels.

You collected 1258 gold pieces.

Inventory:

Hand Weapons
 j - a +0 sling
 I - a +2 heavy flail (weapon)
 U - a +2 whip of holy wrath
Missiles
 a - 4 curare-tipped darts
 w - 7 silver javelins (quivered)
 S - a throwing net {!f}
Armour
 b - a +0 plate armour of cold resistance (worn)
 c - a +0 buckler (worn)
 q - a +0 chain mail
 t - a +0 cloak (worn)
 v - a +2 hat of stealth (worn)
 B - a +2 pair of gloves (worn)
 Q - a +0 barding (worn)
Jewellery
 e - a +6 ring of strength (left hand)
 n - a ring of positive energy
 o - a ring of poison resistance
 p - a +4 ring of protection (right hand)
 r - a ring of resist corrosion
 P - an amulet of regeneration (around neck)
 W - a ring of fire
Wands
 y - a wand of polymorph (6)
 C - a wand of quicksilver (6)
 H - a wand of roots (19)
 L - a wand of mindburst (16)
 M - a wand of flame (61)
 N - a wand of digging (3) {@v1}
 R - a wand of paralysis (3)
Scrolls
 i - 2 scrolls of identify {@r1}
 s - 4 scrolls of teleportation {@r3}
 x - 3 scrolls of magic mapping
 A - 3 scrolls of enchant armour
 J - 2 scrolls of fog
 K - 2 scrolls of enchant weapon
 T - 2 scrolls of amnesia
Potions
 d - a potion of might {@q4}
 g - 3 potions of mutation
 h - a potion of magic
 l - 2 potions of brilliance
 D - 6 potions of curing {@q1}
 E - 6 potions of flight
 F - a potion of ambrosia
 O - 2 potions of degeneration {unknown}
 V - 4 potions of resistance {@q6}
 X - 2 potions of berserk rage {unknown}
Miscellaneous
 Y - a condenser vane


   Skills:
 + Level 10.8 Fighting
 + Level 13.4 Maces & Flails
 + Level 13.8 Armour
 + Level 9.6 Shields
 - Level 3.0 Invocations
 - Level 8.0 Evocations


You had 7 spell levels left.
You knew the following spells:

 Your Spells              Type           Power      Damage    Failure   Level
a - Manifold Assault      Tloc           0%         N/A       99%         4
p - Apportation           Tloc           0%         N/A       45%         1

Your spell library contained the following spells:

 Spells                   Type           Power      Damage    Failure   Level
 Necrotise                Necr           0%         1d4       45%         1
 Summon Small Mammal      Summ           0%         N/A       45%         1
 Ensorcelled Hibernation  Hex/Ice        0%         N/A       58%         2
 Ozocubu's Armour         Ice            0%         N/A       83%         3
 Spider Form              Tmut/Pois      0%         N/A       83%         3
 Anguish                  Hex/Necr       0%         N/A       99%         4
 Metabolic Englaciation   Hex/Ice        0%         N/A       100%        5
 Dispersal                Tloc           0%         N/A       100%        6
 Simulacrum               Ice/Necr       0%         N/A       100%        6
 Disjunction              Tloc           0%         N/A       100%        8


Dungeon Overview and Level Annotations

Branches:
Dungeon (11/15)            Temple (0/1) D:4            Lair (5/5) D:8
  Swamp (0/4) Lair:3        Snake (0/4) Lair:3        Slime (0/5) Lair:5
    Orc (2/2) D:11            Elf (0/3) Orc:2

Altars:
Cheibriados
Hepliaklqana
Kikubaaqudgha
Qazlal
Sif Muna
Wu Jian
Yredelemnul

Shops:
D:4 =   D:6 ?


Innate Abilities, Weirdness & Mutations

You are completely covered in rugged brown scales. (AC +3, +7% HP)
Armour fits poorly on your strangely shaped body.
You have a long armoured tail.
You roll when moving toward enemies. (Rampage)
Your long tongue fully drains potion bottles. (2x potion effects)
Your tongue gives you trouble enunciating. (1.5x scroll delay)


Message History

You block the ogre's attack. x2
You sock the two-headed ogre!
The two-headed ogre is heavily wounded.
The two-headed ogre hits you with a +0 giant club!
You block the two-headed ogre's attack.
The two-headed ogre hits you but does no damage.
You block the two-headed ogre's attack.
You hammer the two-headed ogre like a gong!!!
You kill the two-headed ogre!
Cheibriados thoroughly appreciates the change of pace.
The ogre hits you but does no damage.
The ogre hits you with a +0 giant spiked club!
You block the two-headed ogre's attack.
The two-headed ogre hits you with a +0 giant club!!
* * * LOW HITPOINT WARNING * * *
You block the ogre's attack. x2
You climb upwards.
There is a stone staircase leading down here.
You bludgeon the two-headed ogre!! You tail-slap the two-headed ogre.
The two-headed ogre is moderately wounded.
You block the two-headed ogre's attack. x2
The ogre hits you with a +0 giant club!
* * * LOW HITPOINT WARNING * * *
The ogre hits you with a +0 giant spiked club!
* * * LOW HITPOINT WARNING * * *
You bludgeon the two-headed ogre!!
The two-headed ogre is almost dead.
The two-headed ogre hits you with a +0 giant club!
* * * LOW HITPOINT WARNING * * *
The two-headed ogre hits you but does no damage.
You bludgeon the two-headed ogre!!
You kill the two-headed ogre!
Cheibriados thoroughly appreciates the change of pace.
The ogre hits you but does no damage.
The ogre hits you with a +0 giant spiked club!
* * * LOW HITPOINT WARNING * * *
You sock the ogre!
The ogre is heavily wounded.
The ogre hits you with a +0 giant spiked club!
You die...

.........#.......#......##.##
.............#..............#
..........#.####.....##.##.##
...........## #.......#####
............#####.......#
...........#.##........##
.....>....#...........####
............[[).O......#.##
............[...@<........#
.............[)).O.....#.######
...#.........##)..........#.#.##
..........#.#.#................##
.........###..............#...#.#
.........####....................
#.#.....##.#..[..............##.#
.......##.......#......#....#####
........##.#.#.###........####


You could see 2 ogres.

Vanquished Creatures
  An azure jelly (Lair:4)
  2 hydras
  An ogre mage (Orc:2)
  A catoblepas (Lair:3)
  5 two-headed ogres
  A boulder beetle (Lair:4)
  7 death yaks (Lair:4)
  Sonja (Lair:4)
  A bog body (Lair:3)
  9 elephants (Lair:3)
  2 cyclopes
  3 slime creatures (Lair:4)
  Joseph (D:7)
  3 black mambas (Lair:3)
  10 cane toads
  5 komodo dragons
  An unseen horror (D:11)
  7 rime drakes
  A troll (D:11)
  A hornet (D:10)
  8 blink frogs
  2 wraiths
  2 shadows
  6 wyverns
  Grum (D:9)
  40 yaks
  3 steam dragons
  A warg (Orc:1)
  2 swamp worms (Lair:3)
  An acid dragon (D:9)
  15 water moccasins
  6 black bears
  7 ice beasts
  9 orc warriors
  2 ogres
  2 sky beasts
  3 centaurs (D:8)
  21 wolves
  A phantom (D:5)
  A kobold brigand (D:8)
  Blork the orc (D:6)
  11 bullfrogs
  2 gnoll sergeants (D:11)
  5 wights (D:4)
  9 killer bees
  An electric eel (Lair:3)
  3 vampire bats (D:7)
  3 howler monkeys
  3 hounds
  7 orc priests
  A gnoll bouda (D:9)
  4 jellies (Lair:4)
  Terence (D:2)
  Ijyb (D:5)
  2 iguanas (D:5)
  Natasha (twice) (D:3)
  7 orc wizards
  Robin (D:3)
  23 gnolls
  13 adders
  5 shadow imps
  2 white imps (D:5)
  An ufetubus (D:7)
  3 worms
  3 dart slugs
  53 orcs
  5 bats
  2 bat skeletons (D:7)
  3 bat zombies (D:7)
  4 endoplasms
  15 goblins
  12 hobgoblins
  2 jackals (D:4)
  6 quokkas
  5 ball pythons
  3 frilled lizards
  11 kobolds
  2 rats
433 creatures vanquished.

Vanquished Creatures (others)
  18 fungi
  29 plants
47 creatures vanquished.

Grand Total: 480 creatures vanquished

Notes
Turn   | Place    | Note
-------+----------+-------------------------------------------
     0 | D:1      | Zenkrye the Armataur Fighter began the quest for the Orb.
     0 | D:1      | Reached XP level 1. HP: 19/19 MP: 1/1
   283 | D:1      | Reached XP level 2. HP: 25/26 MP: 2/2
   349 | D:1      | Found a faded altar of an unknown god.
   352 | D:1      | Prayed at the altar of an unknown god.
   352 | D:1      | Became a worshipper of Cheibriados the Contemplative
   352 | D:1      | Reached * piety under Cheibriados
  1107 | D:2      | Reached XP level 3. HP: 32/32 MP: 3/3
  1207 | D:2      | Noticed Terence
  1229 | D:2      | Killed Terence
  1230 | D:2      | Reached XP level 4. HP: 13/39 MP: 4/4
  1515 | D:2      | Reached ** piety under Cheibriados
  1802 | D:3      | Noticed Robin
  1856 | D:3      | Killed Robin
  1977 | D:3      | Noticed Natasha
  1983 | D:3      | Killed Natasha
  1984 | D:3      | Reached skill level 5 in Maces & Flails
  1984 | D:3      | Reached XP level 5. HP: 38/44 MP: 5/5
  2061 | D:3      | Reached *** piety under Cheibriados
  2391 | D:3      | Noticed Natasha
  2396 | D:3      | Killed Natasha
  2547 | D:4      | Found a staircase to the Ecumenical Temple.
  2578 | D:4      | Reached XP level 6. HP: 50/53 MP: 6/6
  2782 | D:4      | Reached **** piety under Cheibriados
  2957 | D:4      | Noticed a sky beast
  2963 | D:5      | Entered Level 5 of the Dungeon
  2965 | D:5      | Noticed a water moccasin
  2978 | D:5      | Killed a water moccasin
  3098 | D:5      | Reached XP level 7. HP: 36/59 MP: 7/7
  3385 | D:5      | Found a basalt altar of Yredelemnul.
  3385 | D:5      | Found a hazy altar of Hepliaklqana.
  3386 | D:5      | Found a shimmering blue altar of Sif Muna.
  3537 | D:5      | Noticed Ijyb
  3562 | D:5      | Killed Ijyb
  3663 | D:5      | Reached XP level 8. HP: 62/66 MP: 8/8
  3766 | D:5      | Found an ornate altar of the Wu Jian Council.
  3768 | D:5      | Reached ***** piety under Cheibriados
  4212 | D:4      | Reached skill level 1 in Evocations
  4308 | D:4      | Found Zesos's Jewellery Shoppe.
  4649 | D:4      | Found a snail-covered altar of Cheibriados.
  4736 | D:6      | You fall into a shaft and drop 2 floors!
  4880 | D:6      | Reached skill level 5 in Armour
  4933 | D:6      | Noticed Blork the orc
  4940 | D:6      | Killed Blork the orc
  5102 | D:6      | Found Caufiofuki's Magic Scroll Shoppe.
  5118 | D:6      | Reached XP level 9. HP: 22/75 MP: 9/9
  5684 | D:7      | Found a stormy altar of Qazlal.
  5864 | D:7      | Identified the +7 short sword of Terror {speed, rF+ Will+}
  6103 | D:7      | Noticed Joseph
  6115 | D:7      | Killed Joseph
  6116 | D:7      | Reached skill level 5 in Fighting
  6266 | D:7      | Found an ancient bone altar of Kikubaaqudgha.
  6273 | D:7      | Reached skill level 10 in Maces & Flails
  6492 | D:7      | Learned a level 1 spell: Apportation
  6889 | D:8      | Reached ****** piety under Cheibriados
  6921 | D:8      | Reached skill level 5 in Evocations
  6975 | D:8      | Noticed a rime drake
  6986 | D:8      | Killed a rime drake
  6987 | D:8      | Reached XP level 10. HP: 72/88 MP: 10/10
  7163 | D:8      | Found a staircase to the Lair.
  7826 | D:9      | Noticed a cyclops
  7830 | D:9      | Killed a cyclops
  8169 | D:9      | Noticed Grum
  8204 | D:9      | Killed Grum
  8205 | D:9      | Reached XP level 11. HP: 27/98 MP: 11/11
  8675 | D:9      | Reached skill level 10 in Armour
  8741 | D:10     | Entered Level 10 of the Dungeon
  9011 | D:10     | Noticed a two-headed ogre
  9020 | D:10     | Killed a two-headed ogre
  9282 | D:10     | Paralysed by a hornet for 1 turns
  9880 | D:11     | Found a staircase to the Orcish Mines.
 10030 | D:11     | Reached skill level 5 in Shields
 10419 | Lair:1   | Entered Level 1 of the Lair of Beasts
 11236 | Lair:2   | Reached XP level 12. HP: 88/110 MP: 12/12
 11949 | Lair:3   | Reached skill level 1 in Invocations
 12039 | Lair:3   | Learned a level 4 spell: Manifold Assault
 12202 | Lair:3   | Found a staircase to the Snake Pit.
 12270 | Lair:3   | Noticed a catoblepas
 12282 | Lair:3   | Killed a catoblepas
 12368 | Lair:3   | Noticed a four-headed hydra
 12373 | Lair:3   | Killed a four-headed hydra
 12398 | Lair:3   | You fall into a shaft and drop 2 floors!
 12398 | Lair:5   | Entered Level 5 of the Lair of Beasts
 12401 | Lair:5   | Noticed a death yak
 12401 | Lair:5   | Noticed a death yak
 12401 | Lair:5   | Noticed a death yak
 12401 | Lair:5   | Noticed a death yak
 12401 | Lair:5   | Noticed a death yak
 12403 | Lair:5   | Noticed a death yak
 12406 | Lair:5   | Noticed a death yak
 12406 | Lair:5   | Noticed a death yak
 12406 | Lair:5   | Noticed a death yak
 12411 | Lair:5   | Noticed a seven-headed hydra
 12415 | Lair:4   | Noticed a six-headed hydra
 12421 | Lair:4   | Killed a death yak
 12429 | Lair:4   | Killed a six-headed hydra
 12685 | Lair:3   | Reached XP level 13. HP: 51/120 MP: 15/15
 12925 | Lair:3   | Reached skill level 10 in Fighting
 12926 | Lair:3   | Found a staircase to the Swamp.
 13309 | Lair:4   | Noticed Sonja
 13324 | Lair:4   | Killed Sonja
 13508 | Lair:4   | Noticed an azure jelly
 13551 | Lair:4   | Killed an azure jelly
 14412 | Orc:1    | Entered Level 1 of the Orcish Mines
 14671 | Orc:2    | Entered Level 2 of the Orcish Mines
 14721 | Orc:2    | Found a staircase to the Elven Halls.
 14928 | Orc:1    | HP: 3/121 [ogre/+0 giant spiked club (7)]
 14929 | Orc:1    | Mangled by an ogre

Illustrated notes

Levels and vault maps discovered:
D:1:      eino_arrival_water_cross, layout_basic,
          shapermc_ecumenical_altar_mp_vishouse
D:2:      layout_basic, uniq_terence
D:3:      layout_basic, uniq_natasha, uniq_robin
D:4:      layout_loops_cross, slow_altar_2, minmay_temple_entry_waves,
          serial_shops, kennysheep_little_box, grunt_decor_cap,
          minmay_increasing_density
D:5:      layout_basic, nicolae_wu_jian_glorious_leap,
          gammafunk_temple_overflow_claw, bh_walls_and_bars, uniq_ijyb
D:6:      layout_cave_pools, serial_shops, kennysheep_mini, uniq_blork_the_orc
D:7:      layout_loops_ring, grunt_qazlal_clouds, kennysheep_vampire_church,
          serial_glass, glass_columns_a, glass_columns_c, uniq_joseph
D:8:      layout_cave_pods, hellmonk_lair_entry_icy, enter_bailey_3,
          grunt_tough_drop
D:9:      layout_basic, uniq_grum
D:10:     layout_irregular_city
D:11:     layout_basic, orc_0_dummy
Lair:1:   layout_hall_layers, cheibrodos_lair_reptile_den,
          infiniplex_staircase_pool_2, grunt_megastairs_5
Lair:2:   layout_regular_city, minmay_holes
Lair:3:   layout_regular_city, nicolae_swamp_entry_splash_gauntlet,
          dummy_snake_entry
Lair:4:   layout_regular_city, nicolae_lair_time_for_slime, grunt_megastairs_2,
          uniq_sonja
Lair:5:   cheibrodos_lair_end_hotspot, layout_cave_shapes, slime_entry_1,
          gauntlet_entry_generic, minivault_26
Orc:1:    layout_caves
Orc:2:    st_orc_elflike, layout_caves, led_sif_book, uniq_azrael

Skill      XL: |  1  2  3  4  5  6  7  8  9 10 11 12 13 |
---------------+----------------------------------------+-----
Maces & Flails | 2 3 4 5 7 8 9 10 11 12 13 | 13.4
Fighting       | 4 5 7 8 9 10 | 10.8
Armour         | 5 7 9 11 12 13 | 13.8
Evocations     | 3 5 7 8 |  8.0
Shields        | 6 7 9 |  9.6
Invocations    | 3 |  3.0

Action                     |  1- 3 |  4- 6 |  7- 9 | 10-12 | 13-15 || total
---------------------------+-------+-------+-------+-------+-------++-------
  Melee: Flail             |    64 |   128 |   219 |   423 |   203 ||  1037
         Tailslap          |     7 |    17 |    39 |    64 |    35 ||   162
         Whip              |       |       |       |    12 |       ||    12
   Fire: Sling             |    26 |       |       |       |       ||    26
  Throw: Boomerang         |       |    51 |    39 |    85 |       ||   175
         Javelin           |       |       |       |     8 |     7 ||    15
         Dart              |       |       |       |       |     4 ||     4
 Invoke: Slouch            |       |       |       |     1 |     4 ||     5
         Bend Time         |       |       |       |     2 |       ||     2
         Temporal Distorti |       |       |       |     1 |       ||     1
  Evoke: Wand              |       |       |       |     1 |     4 ||     5
    Use: Scroll            |       |     7 |     9 |    12 |     3 ||    31
         Potion            |       |       |       |     1 |     6 ||     7
   Stab: Distracted        |       |       |     1 |       |       ||     1
         Petrifying        |       |       |       |     1 |       ||     1
 Armour: Scale mail        |    39 |     2 |       |       |       ||    41
         Chain mail        |       |    57 |   182 |   470 |   230 ||   939
         Plate armour      |       |       |       |       |    12 ||    12
  Dodge: Dodged            |    33 |    41 |    72 |   143 |    59 ||   348
  Block: Buckler           |    11 |    27 |    72 |   219 |   113 ||   442

Table legend: (Time is in decaauts)
 A = Elapsed time spent in this place.
 B = Non-inter-level travel time spent in this place.
 C = Inter-level travel time spent in this place.
 D = Time resting spent in this place.
 E = Time spent auto-exploring this place.
 F = Levels seen in this place.
 G = Mean time per level.
                   A        B        C        D        E       F      G
               +--------+--------+--------+--------+--------+-----+--------+
         Total |  23827 |  22574 |   1253 |   1091 |  18157 |  18 | 1323.7 |
       Dungeon |  16105 |  15377 |    728 |    983 |  12190 |  11 | 1464.1 |
          Lair |   6804 |   6414 |    390 |    108 |   5314 |   5 | 1360.8 |
  Orcish Mines |    917 |    783 |    134 |      0 |    653 |   2 |  458.5 |
               +--------+--------+--------+--------+--------+-----+--------+

Top non-repeatable levels by time:
  Lair:4: 2036 daAuts
     D:8: 2035 daAuts
     D:5: 1975 daAuts
  Lair:3: 1820 daAuts
     D:7: 1819 daAuts
     D:9: 1761 daAuts
    D:11: 1519 daAuts
  Lair:2: 1491 daAuts
     D:4: 1479 daAuts
  Lair:1: 1428 daAuts
    D:10: 1331 daAuts
     D:1: 1267 daAuts
     D:3: 1149 daAuts
     D:2: 961 daAuts
     D:6: 805 daAuts
